 Dungeon Crawl Stone Soup version 0.30-a0-368-g86fb4627a9 (webtiles) character file.

Game seed: 8763042883640586099

53 retardedninja the Trooper (level 3, 6/49 HPs)
             Began as a Minotaur Fighter on Nov 18, 2022.
             Quit the game on level 2 of the Dungeon.
             The game lasted 00:01:55 (853 turns).

retardedninja the Trooper (Minotaur Fighter)         Turns: 853, Time: 00:01:56

Health: 6/49       AC: 21    Str: 20 (22) XL:     3   Next: 64%
Magic:  2/2        EV:  2    Int:  4 (5)  God:
Gold:   14         SH:  4    Dex:  8 (9)  Spells: 2/2 levels left

rFire   + . .      SeeInvis .    a - +1 war axe
rCold   + . .      Faith    .    c - +0 buckler
rNeg    . . .      Spirit   .    (body armour currently unavailable)
rPois   +          Reflect  .    (helmet currently unavailable)
rElec   +          Harm     .    (cloak currently unavailable)
rCorr   +          Rampage  .    (gloves currently unavailable)
Will    .....      NoTele   +    (boots currently unavailable)
Stlth   ..........               (no amulet)
HPRegen 0.28/turn                (no ring)
MPRegen 0.08/turn                (no ring)

@: mighty, tree-form, silenced, resistant, weak-willed
A: stationary, stasis, torment immunity, boosted hp, (horns 2), (retaliatory
headbutt)
a: no special abilities


You were on level 2 of the Dungeon.
You were a tree.
You visited 1 branch of the dungeon, and saw 2 of its levels.

You collected 14 gold pieces.

Inventory:

Hand Weapons
 a - a +1 war axe (weapon)
Armour
 b - a +0 scale mail (melded)
 c - a +0 buckler (worn)
 j - a +0 cloak (melded)
Scrolls
 e - a scroll of identify {unknown}
 o - a scroll of summoning {unknown}


   Skills:
 + Level 4.2 Fighting
 + Level 3.2 Axes
 + Level 4.2 Armour
 + Level 4.2 Shields


You had 2 spell levels left.
You didn't know any spells.
Your spell library contained the following spells:

 Spells                   Type           Power      Damage    Failure   Level
 Summon Small Mammal      Summ           0%         N/A       58%         1
 Call Canine Familiar     Summ           0%         N/A       91%         3
 Summon Guardian Golem    Hex/Summ       0%         N/A       91%         3


Dungeon Overview and Level Annotations

Branches:
Dungeon (2/15)

Altars:

Annotations:
D:2 Sigmund


Innate Abilities, Weirdness & Mutations

You are a tree.
Your roots penetrate the ground, keeping you stationary.
You cannot be teleported.
You are immune to unholy pain and torment.
Your maximum health is greatly increased.
Your equipment is partially melded.
((You have a pair of horns on your head.))
((You reflexively headbutt those who attack you in melee.))


Message History

It was a potion of lignification.
You turn into a tree.
Your +0 cloak melds into your body.
Your +0 scale mail melds into your body.
Your roots penetrate the ground.
Something hits you but does no damage.
You cannot move.
Nothing quivered!
As you read the scroll labelled GEREUX BUPNUDIO, it crumbles to dust.
The creatures around you are filled with an inner flame!
It was a scroll of immolation.
As you read the scroll labelled IFAUNW DION, it crumbles to dust.
It is a scroll of enchant weapon.
Your +0 war axe glows red for a moment.
You hear some strange, mumbled words.
Something tries to affect you, but you resist.
As you read the scroll labelled TUNATI BARAFE, it crumbles to dust.
Magic quickly surges around you.
It was a scroll of vulnerability.
Something hits you but does no damage.
As you read the scroll labelled TEOGOI SOSH, it crumbles to dust.
You feel aware of your surroundings.
You sensed 1 altar.
It was a scroll of magic mapping.
Something hits you.
* * * LOW HITPOINT WARNING * * *
As you read the scroll labelled BEOGEXZ JIONT, it crumbles to dust.
A profound silence engulfs you.
It was a scroll of silence.
Magic scrolls do not work when you're silenced!
You cannot move.
You cannot move.
Magic scrolls do not work when you're silenced!
It was a potion of degeneration.
There was something very wrong with that liquid.
You feel weakened.
You feel dopey.
You feel clumsy. Something hits you!
* * * LOW HITPOINT WARNING * * *
It was a potion of resistance.
You feel protected. Something hits you but does no damage.
Your +0 scale mail is melded into your body!
There are no objects that can be picked up here. a frilled lizard corpse Your +0 scale mail is melded into your body!
Are you sure you want to abandon this character and quit the game? (Confirm with "yes".)

,*,,,,,,,* *,**###,#..##.*#..**
,*,,,,,,,* *,,,..#..,....##.#*
,*,,,,,,.#######.#.#,,,...#.#
,*,,,,,,.......#.#.######.#.#####
,,,,,,,,,........................
*,,,,,,*,*#......#.#.##.#.#.#####
******,*,##....$.#.#....#.#.#
,,,,**,*,#.......#.#.##.#.#.#
,,*,*,,,,#......♣#..........#####
*,,,*,,,,#..#.{†............##...
,,*,*,,,,#.....#.#.#..###.#.##...
*,*,*,,,,#................#.##...
*,*,,,,,,#.......#............<..
*,*,,*,*,#.######.........#.##...
,,,,,,,,...,,,,.....#####.#.##...
,,,,,,,,.#,***,...#.##.........†.
,,,,**,,,,,,,,,,<...##......##...


There were no monsters in sight!

Vanquished Creatures
  2 adders (D:2)
  A dart slug (D:1)
  3 endoplasms
  3 goblins (D:1)
  4 hobgoblins (D:1)
  4 jackals (D:1)
  3 kobolds (D:1)
  2 quokkas (D:1)
  2 ball pythons
  3 frilled lizards
  3 rats
30 creatures vanquished.

Notes
Turn   | Place    | Note
-------+----------+-------------------------------------------
     0 | D:1      | retardedninja the Minotaur Fighter began the quest for the
                  | Orb.
     0 | D:1      | Reached XP level 1. HP: 19/19 MP: 0/0
   216 | D:1      | Reached XP level 2. HP: 27/27 MP: 1/1
   522 | D:1      | Reached XP level 3. HP: 33/33 MP: 2/2
   830 | D:2      | Noticed Sigmund
   853 | D:2      | Quit the game

Illustrated notes

Levels and vault maps discovered:
D:1:      dpeg_arrival_simpleton_a, layout_basic, dreamdust_princess_bridge
D:2:      layout_basic, hellmonk_ecumenical_altar_inner_sanctum, uniq_sigmund

Skill      XL: |  1  2  3 |
---------------+----------+-----
Fighting       | 4 |  4.2
Armour         | 4 |  4.2
Shields        | 4 |  4.2
Axes           | 3 |  3.2

Action                   || total
-------------------------++-------
Melee: War axe           ||    50
       Headbutt          ||     4
  Use: Scroll            ||     5
       Potion            ||     5
Armor: Scale mail        ||    27
       Skin              ||     3
Dodge: Dodged            ||    28
Block: Buckler           ||     7

Table legend: (Time is in decaauts)
 A = Elapsed time spent in this place.
 B = Non-inter-level travel time spent in this place.
 C = Inter-level travel time spent in this place.
 D = Time resting spent in this place.
 E = Time spent auto-exploring this place.
 F = Levels seen in this place.
 G = Mean time per level.
                   A        B        C        D        E       F      G
               +--------+--------+--------+--------+--------+-----+--------+
         Total |    872 |    857 |     15 |      0 |    672 |   2 |  436.0 |
       Dungeon |    872 |    857 |     15 |      0 |    672 |   2 |  436.0 |
               +--------+--------+--------+--------+--------+-----+--------+

Top non-repeatable levels by time:
     D:1: 758 daAuts
     D:2: 114 daAuts
